 Dungeon Crawl Stone Soup version 0.30.1-9-gdf580d7c3d (webtiles) character file.

Game seed: 13471983726163591169

301 danielguo94 the Cudgeller (level 6, -12/58 HPs)
             Began as a Gargoyle Fighter on Oct 10, 2023.
             Mangled by an ogre
             ... wielding a +0 giant club
              (21 damage)
             ... on level 4 of the Dungeon.
             The game lasted 00:04:12 (3333 turns).

danielguo94 the Cudgeller (Gargoyle Fighter)        Turns: 3333, Time: 00:04:12

Health: -12/58     AC: 13    Str: 20    XL:     6   Next: 37%
Magic:  6/6        EV:  8    Int:  8    God:
Gold:   273        SH:  4    Dex: 11    Spells: 5/5 levels left

rFire   . . .        b - +0 morningstar
rCold   . . .        c - +0 buckler
rNeg    + . .        r - +0 chain mail
rPois   ∞            (no helmet)
rElec   +            (no cloak)
rCorr   .            (no gloves)
SInv    .            (no boots)
Will    .....        (no amulet) Stlth
                     (no ring)
HPRegen 0.29/turn    (no ring)
MPRegen 0.10/turn

%: no passive effects
@: berserking, very quick
A: sickness immunity, AC +4, negative energy resistance 1, electricity
resistance, torment resistance 1, petrification resistance
a: no special abilities


You were on level 4 of the Dungeon.
You visited 1 branch of the dungeon, and saw 4 of its levels.

You collected 273 gold pieces.

Inventory:

Hand Weapons
 b - a +0 morningstar (weapon)
Missiles
 p - 4 boomerangs (quivered)
Armour
 c - a +0 buckler (worn)
 r - a +0 chain mail (worn)
Jewellery
 g - a ring of magical power
Wands
 a - a wand of flame (8)
Scrolls
 h - a scroll of magic mapping {unknown}
 j - a scroll of poison {unknown}
 l - a scroll of acquirement {unknown}
 m - 2 scrolls of enchant armour
 o - a scroll of immolation {unknown}
Potions
 d - 2 potions of might
 e - a potion of berserk rage
 f - 2 potions of brilliance
 i - a potion of curing {unknown}
 k - a potion of invisibility {unknown}
 n - a potion of degeneration {unknown}
 q - a potion of heal wounds {unknown}


   Skills:
 + Level 4.3 Fighting
 * Level 4.9 Maces & Flails
 + Level 4.1 Armour
 + Level 0.7 Dodging
 + Level 4.0 Shields


You had 5 spell levels left.
You didn't know any spells.
Your spell library was empty.

Dungeon Overview and Level Annotations

Branches:
Dungeon (4/15)
 Temple: D:4-7

Altars:


Innate Abilities, Weirdness & Mutations

You are immune to sickness and miasma.
Your stone body is resilient. (AC +4)
You are immune to poison.
You resist negative energy. (rN+)
You are resistant to electric shocks. (rElec)
You are resistant to unholy torment.
You are immune to petrification.


Message History

You now have 260 gold pieces (gained 12).
You see here an adder corpse.
Found a stone staircase leading down.
You now have 273 gold pieces (gained 13).
There is a stone staircase leading down here.
There is an open door here.
Found a short sword.
An ogre comes into view. It is wielding a +0 giant club.
The ogre shouts!
An ogre is nearby!
An ogre is nearby!
An ogre is nearby!
Aiming: Throw Flame
Press: ? - help, Shift-Dir - straight line, f - ogre
Aim: an ogre, wielding a +0 giant club (85% to hit)
The puff of flame misses the ogre.
Aiming: Throw Flame
Press: ? - help, Shift-Dir - straight line, f/p - ogre
Aim: an ogre, wielding a +0 giant club (85% to hit)
The puff of flame hits the ogre.
The ogre is lightly wounded.
You hit the ogre.
The ogre is moderately wounded.
The ogre closely misses you.
You barely miss the ogre.
The ogre is moderately wounded.
The ogre hits you with a +0 giant club!
You hit the ogre.
The ogre is moderately wounded.
The ogre hits you with a +0 giant club!
You hit the ogre.
The ogre is heavily wounded.
The ogre hits you with a +0 giant club!
* * * LOW HITPOINT WARNING * * *
A red film seems to cover your vision as you go berserk!
You feel yourself moving faster!
You feel mighty!
You thump the ogre!
The ogre is almost dead.
The ogre hits you with a +0 giant club!!
You die...

###############.
#.........#. .
#.#######.#. .. #######
#.#.....#.#. .. #.....#
#.#<.......) #.#.....#
#.#.#....... #.......#
#.#.(....... #.O..)#
#.#.#....... #@.#
##.###....... ##.#
#............
#.###....#.......
#######..##....###.....
..........#....# #.....
########..#....# #.....
#..#....# #.....
#..##.#.# #.....
#.....#.# ######


You could see an ogre.

Vanquished Creatures
  A phantom (D:3)
  An orc priest (D:3)
  A sleepcap (D:4)
  An orc wizard (D:4)
  6 adders
  3 worms
  5 dart slugs
  7 orcs
  5 bats
  8 endoplasms
  2 giant cockroaches (D:3)
  9 goblins
  3 hobgoblins
  7 kobolds
  4 quokkas
  4 ball pythons
  5 frilled lizards
  2 rats
74 creatures vanquished.

Notes
Turn   | Place    | Note
-------+----------+-------------------------------------------
     0 | D:1      | danielguo94 the Gargoyle Fighter began the quest for the
                  | Orb.
     0 | D:1      | Reached XP level 1. HP: 14/14 MP: 1/1
   164 | D:1      | Reached XP level 2. HP: 14/19 MP: 2/2
   405 | D:1      | Reached XP level 3. HP: 24/24 MP: 3/3
   961 | D:2      | You fall into a shaft and drop 2 floors!
  1130 | D:2      | Reached XP level 4. HP: 20/29 MP: 4/4
  2452 | D:3      | Noticed a phantom
  2486 | D:3      | Killed a phantom
  2487 | D:3      | Reached XP level 5. HP: 30/33 MP: 5/5
  2765 | D:3      | Reached XP level 6. HP: 37/38 MP: 6/6
  3333 | D:4      | Mangled by an ogre

Illustrated notes

Levels and vault maps discovered:
D:1:      dpeg_arrival_shrine, layout_basic
D:2:      layout_loops_ring, kennysheep_nub, hangedman_glass_teeth
D:3:      minmay_spotlight, layout_loops_corners, minmay_quantized
D:4:      layout_basic

Skill      XL: |  1  2  3  4  5  6 |
---------------+-------------------+-----
Fighting       | 4 |  4.3
Maces & Flails | 4 |  4.9
Armour         | 4 |  4.1
Shields        | 4 |  4.0
Dodging        | |  0.7

Action                     |  1- 3 |  4- 6 || total
---------------------------+-------+-------++-------
  Melee: Flail             |    96 |   144 ||   240
         Morningstar       |       |    45 ||    45
  Evoke: Wand              |       |     2 ||     2
    Use: Scroll            |     2 |     3 ||     5
         Potion            |       |     2 ||     2
 Armour: Scale mail        |    42 |    68 ||   110
         Chain mail        |       |    30 ||    30
  Dodge: Dodged            |    34 |    81 ||   115
  Block: Buckler           |    22 |    47 ||    69
